 Dungeon Crawl Stone Soup version 0.21.1-1-g345015f (webtiles) character file.

272 zishaf the Slasher (level 6, -3/47 HPs)
             Began as a Barachi Fighter on May 12, 2018.
             Slain by Grinder (5 damage)
             ... on level 4 of the Dungeon.
             The game lasted 00:04:59 (3239 turns).

zishaf the Slasher (Barachi Fighter)                Turns: 3239, Time: 00:05:00

Health: -3/47      AC:  4    Str: 19    XL:     6   Next: 23%
Magic:  6/6        EV:  7    Int:  9    God:
Gold:   180        SH: 14    Dex: 11    Spells: 5/5 levels left

rFire    . . .     SeeInvis .   a - +0 long sword
rCold    . . .     Gourm    .   c - +0 shield
rNeg     . . .     Faith    .   b - +0 scale mail
rPois    .         Spirit   .   (no helmet)
rElec    .         Reflect  +   (no cloak)
rCorr    .         Harm     .   (no gloves)
MR       .....                  (no boots)
Stlth    ..........             m - +5 amulet of reflection
HPRegen  0.15/turn              j - -2 ring of protection (curse)
MPRegen  0.10/turn              (no ring)

@: slow
A: +LOS, swims, slowness 1, strong legs 1
a: Hop


You were on level 4 of the Dungeon.
You were not hungry.

You visited 1 branch of the dungeon, and saw 4 of its levels.

You collected 180 gold pieces.

Inventory:

Hand Weapons
 a - a +0 long sword (weapon)
Armour
 b - a +0 scale mail (worn)
 c - a +0 shield (worn)
Jewellery
 j - a cursed -2 ring of protection (left hand)
 m - a +5 amulet of reflection (around neck)
 r - an uncursed ring of positive energy {unknown}
Wands
 k - a wand of flame (24)
 v - a wand of disintegration (11)
Scrolls
 d - a scroll of fear {unknown}
 e - a scroll of enchant armour {unknown}
 h - 3 scrolls of identify {unknown}
 i - 2 scrolls of teleportation {unknown}
 l - 4 scrolls of enchant weapon {unknown}
 n - 6 scrolls of remove curse {unknown}
 u - a scroll of blinking {unknown}
Potions
 g - a potion of flight {unknown}
 o - a potion of cancellation {unknown}
 p - 2 potions of haste {unknown}
 q - a potion of curing {unknown}
 t - a potion of degeneration {unknown}
Comestibles
 f - 2 rations
 s - 2 chunks of flesh


   Skills:
 - Level 3.6 Fighting
 + Level 7.7 Long Blades
 - Level 3.6 Armour
 - Level 3.2 Shields


You had 5 spell levels left.
You didn't know any spells.

Dungeon Overview and Level Annotations

Branches:
Dungeon (4/15)
 Temple: D:4-7

Altars:
Cheibriados
Dithmenos
Kikubaaqudgha
Okawaru
Qazlal
Ru
Wu Jian
Xom
Zin

Annotations:
D:4 Grinder


Innate Abilities, Weirdness & Mutations

Shadows flee at your approach. (+LOS)
You can swim through water.
You cover ground slowly.
You can hop short distances.


Message History

* * * LOW HITPOINT WARNING * * *
You closely miss Grinder.
Grinder is moderately wounded.
You block Grinder's attack.
You hit Grinder.
Grinder is moderately wounded.
You block Grinder's attack.
You slash Grinder!
Grinder is severely wounded.
Grinder barely misses you.
You hit Grinder but do no damage.
Grinder is severely wounded.
Grinder hits you.
* * * LOW HITPOINT WARNING * * *
You writhe in agony.
* * * LOW HITPOINT WARNING * * *
You closely miss Grinder.
Grinder is severely wounded.
Grinder hits you.
You die...

######## #.8..8.8
#####8_..._.
##...#.......#####
##....#8.........8###
#.....#._..._.....'.#
#.....#8.......@58#.#
#.....#.......#####.#
#.....#8_..._. #.#
#.....#.8..8.8 ##.#
##....######## #..#
#.........########.##
##..................#
...........##########
##.........#


You could see Grinder.

Vanquished Creatures
  A sky beast (D:2)
  A hound (D:3)
  An orc wizard (D:3)
  2 adders
  An ooze (D:4)
  3 worms
  3 dart slugs
  2 leopard geckos
  4 orcs (D:3)
  4 giant cockroaches
  13 goblins
  6 hobgoblins
  6 jackals
  2 quokkas (D:3)
  2 ball pythons
  7 bats
  3 frilled lizards
  5 kobolds
  A quokka skeleton (D:3)
  10 rats
77 creatures vanquished.

Notes
Turn   | Place    | Note
-------+----------+-------------------------------------------
     0 | D:1      | zishaf the Barachi Fighter began the quest for the Orb.
     0 | D:1      | Reached XP level 1. HP: 18/18 MP: 1/1
   177 | D:1      | Reached skill level 3 in Long Blades
   178 | D:1      | Reached XP level 2. HP: 24/24 MP: 2/2
   286 | D:1      | Reached skill level 4 in Long Blades
   354 | D:1      | Reached XP level 3. HP: 19/29 MP: 3/3
   906 | D:2      | Found a glowing silver altar of Zin.
  1040 | D:2      | Noticed a sky beast
  1051 | D:2      | Killed a sky beast
  1051 | D:2      | Reached skill level 6 in Long Blades
  1051 | D:2      | Reached XP level 4. HP: 7/36 MP: 4/4
  1051 | D:2      | Reached XP level 5. HP: 8/41 MP: 5/5
  1619 | D:2      | Found an iron altar of Okawaru.
  2013 | D:3      | Reached skill level 7 in Long Blades
  2406 | D:3      | Reached XP level 6. HP: 36/47 MP: 6/6
  2585 | D:3      | Found a faded altar of an unknown god.
  2832 | D:3      | Found a snail-covered altar of Cheibriados.
  3155 | D:4      | Found a stormy altar of Qazlal.
  3221 | D:4      | Found a sacrificial altar of Ru.
  3222 | D:4      | Noticed Grinder
  3223 | D:4      | Found a shimmering altar of Xom.
  3223 | D:4      | Found an ornate altar of the Wu Jian Council.
  3224 | D:4      | Found a shimmering altar of Xom.
  3224 | D:4      | Found a shadowy altar of Dithmenos.
  3224 | D:4      | Found an ancient bone altar of Kikubaaqudgha.
  3238 | D:4      | HP: 2/47 [Grinder (5)]
  3239 | D:4      | Slain by Grinder

Skill      XL: |  1  2  3  4  5 |
---------------+----------------+-----
Long Blades    | 3 4 6 7 |  7.7
Fighting       | |  3.6
Armour         | |  3.6
Shields        | |  3.2

Action                   |  1- 3 |  4- 6 || total
-------------------------+-------+-------++-------
Melee: Long sword        |   144 |   143 ||   287
  Use: Potion            |     1 |       ||     1
  Eat: Chunk             |     1 |     5 ||     6
       Ration            |       |     1 ||     1
Armor: Scale mail        |    59 |    37 ||    96
Dodge: Dodged            |    38 |    27 ||    65
Block: Shield            |   105 |    92 ||   197
       Reflection        |     1 |       ||     1
       Rpst.: Long sword |    18 |     9 ||    27
